 Dungeon Sprint DCSS version 0.27.1-33-g824d729ab1 (webtiles) character file.

Game seed: 6281558646854076340

8677 Hipnos the Deadly Accurate (level 11, -10/76 HPs)
             Began as a Minotaur Hunter on Nov 30, 2021.
             Was a High Priest of Okawaru.
             Mangled by a 12-headed hydra (11 damage)
             ... while paralysed by a floating eye
             ... in the Dungeon (Sprint I: "Red Sonja").
             The game lasted 00:14:13 (1683 turns).

Hipnos the Deadly Accurate (Minotaur Hunter)        Turns: 1683, Time: 00:14:13

Health: -10/76     AC: 11    Str: 15    XL:     11   Next: 13%
Magic:  12/12      EV:  2    Int:  8    God:    Okawaru [*****.]
Gold:   313        SH:  0    Dex: 12    Spells: 10/10 levels left

rFire    . . .     SeeInvis .   l - +1 short sword (distort)
rCold    . . .     Faith    .   (no shield)
rNeg     . . .     Spirit   .   k - +0 ring mail
rPois    .         Reflect  .   (helmet restricted)
rElec    .         Harm     .   (no cloak)
rCorr    .         Rampage  .   g - +2 pair of gloves {archery}
Will     +....     NoTele   +   (no boots)
Stlth    +.........             (no amulet)
HPRegen  0.00/turn              n - +4 ring of protection
MPRegen  0.13/turn              (no ring)

@: paralysed, unable to read, inhibited regen
A: horns 2, retaliatory headbutt, deformed body, deterioration 1, frail 2,
strong-willed 1, inhibited regeneration, weak 2, no potion heal 2, subdued magic
3, inability to read while threatened
a: Renounce Religion, Heroism, Finesse


You were in the Dungeon.
You worshipped Okawaru.
Okawaru was extremely pleased with you.
You visited 1 branch You collected 996 gold pieces.
You spent 683 gold pieces at shops.

Inventory:

Hand Weapons
 a - a +0 short sword
 l - a +1 short sword of distortion (weapon)
Missiles
 c - 13 boomerangs
 f - 4 silver javelins
 p - 7 datura-tipped darts (quivered)
 s - 4 javelins
Armour
 b - a +0 leather armour
 g - a +2 pair of gloves of archery (worn)
 k - a +0 ring mail (worn)
Jewellery
 n - a +4 ring of protection (left hand)
Wands
 i - a wand of paralysis (5)
Scrolls
 j - a scroll of blinking
 m - a scroll of enchant weapon {unknown}
 o - a scroll of magic mapping {unknown}
 r - 2 scrolls of identify {unknown}
Potions
 d - a potion of degeneration {unknown}
 e - 4 potions of curing
 h - 3 potions of magic


   Skills:
 + Level 8.7 Fighting
 + Level 8.1 Short Blades
 + Level 20.9 Throwing
 + Level 8.3 Armour
 + Level 10.0 Dodging
 - Level 0.7 Stealth
 + Level 3.0 Invocations
 - Level 0.3 Evocations


You had 10 spell levels left.
You didn't know any spells.
Your spell library was empty.

Dungeon Overview and Level Annotations

Branches:
Dungeon (1/1)

Altars:
Cheibriados
Dithmenos
Elyvilon
Fedhas
Gozag
Hepliaklqana
Kikubaaqudgha
Makhleb
Nemelex Xobeh
Okawaru
Qazlal
Ru
Sif Muna
Trog
Uskayaw
Vehumet
Wu Jian
Xom
Yredelemnul
Zin
The Shining One
Jiyva
Lugonu

Shops:
D =[=??[[


Innate Abilities, Weirdness & Mutations

You have a pair of horns on your head.
You reflexively headbutt those who attack you in melee.
Armour fits poorly on your strangely shaped body.
Your body sometimes deteriorates upon taking damage.
You are very frail. (-20% HP)
You are strong-willed. (Will+)
You do not regenerate when monsters are visible.
You are very weak. (Str -4)
Potions cannot restore your health.
Your spells are much easier to cast, but much less powerful.
You sometimes lose the ability to read scrolls when taking damage.


Message History

The curare-tipped dart hits the 12-headed hydra.
Unknown command.
Okay, then.
Throw: 8 darts (datura)
Press: ? - help, Q - select action, (/) - cycle Shift-Dir - straight line, f/p - 12-headed hydra
Aim: a 12-headed hydra (85% to hit, chance to frenzy on hit: 40%)
You throw a datura-tipped dart.
The datura-tipped dart hits the 12-headed hydra!
The 12-headed hydra resists.
The 12-headed hydra bites you! The 12-headed hydra bites you.
The 12-headed hydra bites you but does no damage.
The 12-headed hydra bites you. x2
* * * LOW HITPOINT WARNING * * *
The 12-headed hydra bites you but does no damage.
The 12-headed hydra bites you!
* * * LOW HITPOINT WARNING * * *
The 12-headed hydra bites you.
* * * LOW HITPOINT WARNING * * *
The 12-headed hydra misses you. The 12-headed hydra closely misses you.
The 12-headed hydra bites you!
* * * LOW HITPOINT WARNING * * *
The 12-headed hydra bites you but does no damage.
The floating eye seems to glare at you.
You cannot read scrolls in your current state!
Okay, then.
Okay, then.
You have no ailments to cure.
You have no ailments to cure.
Okay, then.
Okay, then.
Aiming: Paralyse
Press: ? - help, Shift-Dir - straight line, f/p - 12-headed hydra
Aim: a 12-headed hydra (chance to affect: 16%)
Okay, then.
Press: ? - help, v - describe, . - travel A stone wall.
The floating eye gazes piercingly through you!
You suddenly lose the ability to move!
The 12-headed hydra bites you!
You die...

######################
...#.(#.§..§§§§§§DG.$#
..)##§#§####§§§§@##$.+
...'§§#§# ##§§§## ##
####..§§# ###+#
##+#### #...○°#
#^.)°○+ ###°°○# #
#^°°# ## #^.##


You could see a 12-headed hydra and a floating eye.

Vanquished Creatures
  Sonja (D)
  A deep troll (D)
  A lindwurm (D)
  8 shining eyes (D)
  A gargoyle (D)
  2 demonic crawlers (D)
  2 kobold demonologists (D)
  A slime creature (D)
  Sigmund (D)
  12 hogs (D)
  A yak (D)
  5 floating eyes (D)
  An ogre (D)
  A jelly (D)
  Ijyb (D)
  A ballistomycete spore (D)
40 creatures vanquished.

Vanquished Creatures (collateral kills)
  A demonic crawler (D)
1 creature vanquished.

Vanquished Creatures (others)
  A gargoyle (D)
  A demonic crawler (D)
  A hornet (D)
  A hog (D)
  A ballistomycete spore (D)
5 creatures vanquished.

Grand Total: 46 creatures vanquished

Notes
Turn   | Place    | Note
-------+----------+-------------------------------------------
     0 | D        | Hipnos the Minotaur Hunter began the quest for the Orb.
     0 | D        | Reached XP level 1. HP: 18/18 MP: 0/0
     1 | D        | Noticed Ijyb
    11 | D        | Killed Ijyb
    12 | D        | Reached skill level 6 in Throwing
    12 | D        | Reached XP level 2. HP: 26/26 MP: 1/1
    59 | D        | Noticed an ogre
    63 | D        | Killed an ogre
    64 | D        | Reached skill level 9 in Throwing
    64 | D        | Reached XP level 3. HP: 31/31 MP: 2/2
    64 | D        | Reached XP level 4. HP: 39/39 MP: 3/3
    79 | D        | Noticed Sigmund
    84 | D        | Killed Sigmund
    85 | D        | Reached skill level 11 in Throwing
    85 | D        | Reached skill level 1 in Armour
    85 | D        | Reached XP level 5. HP: 47/47 MP: 4/4
    85 | D        | Reached XP level 6. HP: 53/53 MP: 5/5
   102 | D        | Found an ornate altar of the Wu Jian Council.
   102 | D        | Found a shimmering blue altar of Sif Muna.
   104 | D        | Found a radiant altar of Vehumet.
   106 | D        | Reached skill level 12 in Throwing
   136 | D        | Found Hacaxiel's Magic Scroll Emporium.
   136 | D        | Found an ancient bone altar of Kikubaaqudgha.
   136 | D        | Found a hazy altar of Hepliaklqana.
   136 | D        | Found a stormy altar of Qazlal.
   136 | D        | Found a hide-covered altar of Uskayaw.
   136 | D        | Found a blossoming altar of Fedhas.
   136 | D        | Found a bloodstained altar of Trog.
   136 | D        | Found an iron altar of Okawaru.
   136 | D        | Found a basalt altar of Yredelemnul.
   136 | D        | Found a glowing golden altar of the Shining One.
   136 | D        | Found a snail-covered altar of Cheibriados.
   136 | D        | Found a sacrificial altar of Ru.
   136 | D        | Found a glowing silver altar of Zin.
   136 | D        | Found a shadowy altar of Dithmenos.
   136 | D        | Found a white marble altar of Elyvilon.
   136 | D        | Noticed a yak
   141 | D        | Killed a yak
   142 | D        | Reached skill level 13 in Throwing
   143 | D        | Found an opulent altar of Gozag.
   145 | D        | Found a sparkling altar of Nemelex Xobeh.
   154 | D        | Became a worshipper of Warmaster Okawaru
   213 | D        | Found a burning altar of Makhleb.
   213 | D        | Found a viscous altar of Jiyva.
   213 | D        | Found a shimmering altar of Xom.
   213 | D        | Found a corrupted altar of Lugonu.
   213 | D        | Noticed a slime creature
   220 | D        | Killed a slime creature
   220 | D        | Reached * piety under Okawaru
   221 | D        | Reached skill level 5 in Fighting
   221 | D        | Reached skill level 14 in Throwing
   221 | D        | Reached skill level 5 in Dodging
   221 | D        | Reached XP level 7. HP: 61/61 MP: 6/6
   251 | D        | Noticed Sonja
   254 | D        | Killed Sonja
   255 | D        | Reached skill level 16 in Throwing
   255 | D        | Reached XP level 8. HP: 69/69 MP: 4/7
   323 | D        | Found Ebyetatu's Jewellery Boutique.
   331 | D        | Bought a +4 ring of protection for 468 gold pieces
   344 | D        | Noticed a deep troll
   359 | D        | Killed a deep troll
   359 | D        | Reached ** piety under Okawaru
   360 | D        | Reached skill level 17 in Throwing
   408 | D        | Found Feoleig's Armour Emporium.
   412 | D        | Bought a +2 pair of gloves of archery for 215 gold pieces
   545 | D        | Noticed a kobold demonologist
   545 | D        | Noticed a kobold demonologist
   549 | D        | Killed a kobold demonologist
   549 | D        | Reached *** piety under Okawaru
   550 | D        | Reached skill level 1 in Invocations
   550 | D        | Reached XP level 9. HP: 75/75 MP: 8/8
   558 | D        | Gained mutation: You are frail. (-10% HP) [a neqoxec]
   569 | D        | Noticed an ice devil
   573 | D        | Killed a kobold demonologist
   574 | D        | Reached skill level 18 in Throwing
   841 | D        | Noticed a shining eye
   841 | D        | Noticed a shining eye
   841 | D        | Noticed a shining eye
   842 | D        | Gained mutation: You sometimes lose the ability to read
                  | scrolls when taking damage. [a shining eye]
   847 | D        | Reached skill level 1 in Short Blades
   852 | D        | Gained mutation: You are strong-willed. (Will+) [a shining
                  | eye]
   853 | D        | Gained mutation: Potions are less effective at restoring
                  | your health. [a shining eye]
   855 | D        | Gained mutation: Your spells are a little easier to cast,
                  | but a little less powerful. [a shining eye]
   858 | D        | Gained mutation: You are very frail. (-20% HP) [a shining
                  | eye]
   867 | D        | Gained mutation: You are weak. (Str -2) [a shining eye]
   868 | D        | Gained mutation: You are very weak. (Str -4) [a shining
                  | eye]
   870 | D        | Killed a shining eye
   871 | D        | Gained mutation: Your body sometimes deteriorates upon
                  | taking damage. [a shining eye]
   873 | D        | Noticed a shining eye
   873 | D        | Noticed a shining eye
   873 | D        | Noticed a shining eye
   873 | D        | Gained mutation: Your spells are easier to cast, but less
                  | powerful. [a shining eye]
   875 | D        | Killed a shining eye
   875 | D        | Gained mutation: You are dopey. (Int -2) [a shining eye]
   876 | D        | Reached skill level 5 in Armour
   880 | D        | Killed a shining eye
   881 | D        | Reached skill level 19 in Throwing
   886 | D        | Gained mutation: Armour fits poorly on your strangely
                  | shaped body. [a shining eye]
   893 | D        | Gained mutation: Your spells are much easier to cast, but
                  | much less powerful. [a shining eye]
   899 | D        | Killed a shining eye
   899 | D        | Reached **** piety under Okawaru
   900 | D        | Reached XP level 10. HP: 68/68 MP: 10/10
   929 | D        | Killed a shining eye
   929 | D        | Received a gift from Okawaru
   951 | D        | Gained mutation: You do not regenerate when monsters are
                  | visible. [a shining eye]
   952 | D        | Killed a shining eye
   953 | D        | Reached skill level 5 in Short Blades
   955 | D        | Noticed a shining eye
   955 | D        | Noticed a shining eye
   955 | D        | Lost mutation: You are dopey. (Int -2) [a shining eye]
   956 | D        | Killed a shining eye
   956 | D        | Received a gift from Okawaru
   963 | D        | Gained mutation: Potions cannot restore your health. [a
                  | shining eye]
   964 | D        | Killed a shining eye
   965 | D        | Reached skill level 20 in Throwing
  1015 | D        | Found Dioggugu's Magic Scroll Shop.
  1015 | D        | Found Iwneqiev's Armour Shoppe.
  1015 | D        | Found Qyumooge's Armour Boutique.
  1015 | D        | Found Tery's Jewellery Emporium.
  1230 | D        | Noticed a lindwurm
  1235 | D        | Killed a lindwurm
  1235 | D        | Reached ***** piety under Okawaru
  1364 | D        | Noticed a gargoyle
  1366 | D        | Killed a gargoyle
  1564 | D        | Killed a gargoyle
  1574 | D        | Received a gift from Okawaru
  1580 | D        | Reached XP level 11. HP: 76/76 MP: 12/12
  1588 | D        | Reached skill level 10 in Dodging
  1594 | D        | Received a gift from Okawaru
  1678 | D        | Noticed a 12-headed hydra
  1681 | D        | HP: 1/76 [12-headed hydra (9)]
  1682 | D        | Paralysed by a floating eye for 3 turns
  1683 | D        | Mangled by a 12-headed hydra

Illustrated notes

Levels and vault maps discovered:
D:        dungeon_sprint_1 [red_sonja_temple_1, red_sonja_temple_small_1]

Skill      XL: |  1  2  3  4  5  6  7  8  9 10 11 |
---------------+----------------------------------+-----
Fighting       | 3 4 5 6 7 8 |  8.7
Throwing       | 6 9 11 14 16 17 19 20 | 20.9
Dodging        | 3 4 5 6 8 9 10 | 10.0
Armour         | 1 2 3 6 8 |  8.3
Invocations    | 1 2 3 |  3.0
Short Blades   | 4 7 8 |  8.1
Stealth        | |  0.7
Evocations     | |  0.3

Action                   |  1- 3 |  4- 6 |  7- 9 | 10-12 || total
-------------------------+-------+-------+-------+-------++-------
Melee: Short sword       |     4 |       |    52 |     2 ||    58
       Headbutt          |     1 |       |    18 |     1 ||    20
Throw: Javelin           |     7 |    14 |    17 |    30 ||    68
       Throwing net      |     2 |     3 |     1 |       ||     6
       Dart              |       |       |       |    11 ||    11
       Boomerang         |       |       |       |    12 ||    12
Invok: Heroism           |       |       |     3 |       ||     3
Evoke: Wand              |       |       |     1 |       ||     1
  Use: Potion            |     1 |       |     2 |       ||     3
Armor: Leather armour    |     1 |       |       |       ||     1
       Ring mail         |       |       |    12 |    13 ||    25
Dodge: Dodged            |     1 |     3 |    38 |    13 ||    55
